 Dungeon Crawl Stone Soup version 0.28.0 (webtiles) character file.

Game seed: 6330593035509727299

8603 belegose the Fighter (level 11, -1/95 HPs)
             Began as a Minotaur Abyssal Knight on Feb 7, 2022.
             Was a Priest of Lugonu.
             Slain by a vampire (9 damage)
             ... on level 12 of the Dungeon.
             The game lasted 00:30:57 (14165 turns).

belegose the Fighter (Minotaur Abyssal Knight)     Turns: 14165, Time: 00:30:58

Health: -1/95      AC: 17    Str: 30    XL:     11   Next: 12%
Magic:  16/16      EV:  6    Int:  9    God:    Lugonu [***...]
Gold:   422        SH: 12    Dex:  6    Spells: 10/10 levels left

rFire   . . .      SeeInvis +   t - +0 morningstar
rCold   . . .      Faith    .   p - +0 tower shield
rNeg    + . .      Spirit   .   o - +3 chain mail of Beogh's Reproof {rN+ Str+3 Dex-4 SInv}
rPois   .          Reflect  .   (helmet restricted)
rElec   .          Harm     .   (no cloak)
rCorr   .          Rampage  .   K - +0 pair of gloves
Will    .....                   (no boots)
Stlth   ..........              (no amulet)
HPRegen 0.25/turn               u - +6 ring of strength
MPRegen 0.15/turn               a - +4 ring of protection

@: no status effects
A: horns 2, retaliatory headbutt
a: Renounce Religion, Depart the Abyss, Bend Space, Banish


You were on level 12 of the Dungeon.
You worshipped Lugonu.
Lugonu was most pleased with you.
You visited 2 branches of the dungeon, and saw 13 of its levels.
You visited the Abyss 1 time.

You collected 485 gold pieces.
You spent 63 gold pieces at shops.

Inventory:

Hand Weapons
 k - a +0 hand crossbow
 t - a +0 morningstar (weapon)
Missiles
 d - 395 stones
 m - 13 poisoned darts (quivered)
 A - 76 bolts
 G - a boomerang
Armour
 o - the +3 chain mail of Beogh's Reproof (worn) {rN+ Str+3 Dex-4 SInv}
   (You found it on level 10 of the Dungeon)

   Str:       It affects your strength (+3).
   Dex:       It affects your dexterity (-4).
   rN:        It protects you from negative energy.
   SInv:      It lets you see invisible.
 p - a +0 tower shield (worn)
 K - a +0 pair of gloves (worn)
Magical Staves
 w - a staff of fire
 C - a staff of cold
Jewellery
 a - a +4 ring of protection (right hand)
 e - a ring of protection from fire
 u - a +6 ring of strength (left hand)
 x - a ring of resist corrosion
 z - a ring of protection from fire
 F - a ring of protection from cold
 H - a ring of ice
 L - a ring of willpower
Wands
 g - a wand of charming (6)
 B - a wand of flame (33)
Scrolls
 c - a scroll of immolation {unknown}
 f - 2 scrolls of fear {unknown}
 h - a scroll of brand weapon {unknown}
 i - a scroll of summoning {unknown}
 n - 3 scrolls of magic mapping
 s - 2 scrolls of teleportation {unknown}
 v - 2 scrolls of enchant armour {unknown}
 y - a scroll of amnesia {unknown}
 D - 2 scrolls of blinking {unknown}
 M - a scroll of enchant weapon {unknown}
Potions
 b - a potion of mutation
 j - 3 potions of heal wounds
 l - 2 potions of curing
 r - 2 potions of lignification
 E - 2 potions of might
 I - 2 potions of berserk rage
Miscellaneous
 q - a tin of tremorstones (2/2)
 J - a condenser vane (inert)


   Skills:
 - Level 8.9 Fighting
 - Level 8.4 Maces & Flails
 - Level 6.6 Throwing
 - Level 3.1 Armour
 + Level 5.4 Dodging
 - Level 7.6 Shields
 + Level 8.7 Invocations
 + Level 4.2 Evocations


You had 10 spell levels left.
You didn't know any spells.
Your spell library contained the following spells:

 Spells                   Type           Power      Damage    Failure   Level
 Magic Dart               Conj           0%         1d3       100%        1
 Shock                    Conj/Air       0%         1d3       100%        1
 Call Imp                 Summ           0%         N/A       100%        2
 Mephitic Cloud           Conj/Pois/Air  0%         N/A       100%        3
 Swiftness                Air            0%         N/A       100%        3
 Airstrike                Air            0%         N/A       100%        4


Dungeon Overview and Level Annotations

Branches:
Dungeon (12/15)            Temple (1/1) D:6            Lair (0/6) D:8
    Orc: D:9-12

Altars:
Cheibriados
Elyvilon
Gozag
Hepliaklqana
Ru
Vehumet
Zin
The Shining One

Shops:
D:7 *   D:11 [

Portals:
Trove: D:11 (show abyssal rune of Zot)

Annotations:
D:5 2 runed translucent doors, exclusion: 2 doors, Theoretic's ghost, weakling HODe
D:6 3 runed translucent doors, 2bobheroes's ghost, novice OpBr
D:7 2 transporters, Fractals's ghost, novice HOMo
D:8 exclusion: downstairs
D:9 5 runed translucent doors, exclusion: 3 doors


Innate Abilities, Weirdness & Mutations

You have a pair of horns on your head.
You reflexively headbutt those who attack you in melee.


Message History

You hit the vampire but do no damage.
The vampire is almost destroyed.
The vampire hits you. The vampire barely misses you.
The vampire draws life force from you.
The vampire is healed by the life force!
You completely miss the vampire. Your headbutt misses the vampire.
The vampire is severely damaged.
The vampire hits you. You block the vampire's attack.
You closely miss the vampire. You headbutt the vampire.
The vampire is severely damaged.
You block the vampire's attack. The vampire barely misses you.
The vampire hits you but does no damage.
The vampire bites you.
You thump the vampire!
You headbutt the vampire, but do no damage.
The vampire is almost destroyed.
You block the vampire's attack. The vampire bites you!
* * * LOW HITPOINT WARNING * * *
The vampire draws strength from your injuries!
You hit the vampire but do no damage.
The vampire is almost destroyed.
The vampire draws life force from you.
* * * LOW HITPOINT WARNING * * *
The vampire is healed by the life force!
You closely miss the vampire.
You headbutt the vampire, but do no damage.
The vampire is almost destroyed.
The vampire hits you.
* * * LOW HITPOINT WARNING * * *
You block the vampire's attack. x2
The vampire bites you but does no damage.
Clouds of noxious fumes condense around you!
The condenser dries out!
The vampire draws life force from you!
* * * LOW HITPOINT WARNING * * *
The vampire is healed by the life force!
Unknown command.
You puncture the vampire!
The vampire is almost destroyed.
You block the vampire's attack. The vampire bites you!
You die...

#######
##......
#......#
#......#
#...§§§#
#...§V@#
#...§§§#
#......#
########


You could see a vampire (invisible).

Vanquished Creatures
  A two-headed ogre (D:9)
  An unseen horror (D:11)
  A troll (D:11)
  Prince Ribbit (D:6)
  3 slime creatures (D:10)
  Sigmund (D:5)
  8 yaks
  A steam dragon (D:6)
  A wyvern (D:10)
  Menkaure (D:5)
  5 vampire mosquitoes
  3 orc warriors
  An ice beast (D:6)
  5 black bears
  4 necrophages
  3 centaurs
  2 bullfrogs
  2 scorpions (D:4)
  A water moccasin skeleton (D:5)
  16 killer bees
  2 howler monkeys (D:7)
  An electric eel (D:6)
  4 centaur zombies
  A hound (D:6)
  A bullfrog skeleton (D:4)
  2 jellies
  8 orc priests
  An iron imp (D:10)
  2 centaur skeletons
  An iguana (D:4)
  5 orc wizards
  A killer bee zombie (D:7)
  A hound skeleton (D:4)
  A hound zombie (D:5)
  8 adders
  4 gnolls
  2 shadow imps
  4 white imps
  An ufetubus (D:6)
  4 worms
  6 dart slugs
  19 orcs
  5 endoplasms
  2 giant cockroaches
  9 goblins
  3 hobgoblins
  4 quokkas
  4 ball pythons
  6 bats
  A frilled lizard (D:2)
  5 kobolds
  3 rats
  A butterfly (D:6)
183 creatures vanquished.

Notes
Turn   | Place    | Note
-------+----------+-------------------------------------------
     0 | Abyss:1  | belegose the Minotaur Abyssal Knight began the quest for
                  | the Orb.
     0 | Abyss:1  | Reached XP level 1. HP: 19/19 MP: 1/1
    86 | Abyss:3  | Found a corrupted altar of Lugonu.
    92 | Abyss:3  | Noticed a worldbinder
    94 | Abyss:3  | Noticed a deep elf pyromancer
    94 | D:1      | Escaped the Abyss
   365 | D:1      | Reached * piety under Lugonu
   542 | D:1      | Reached XP level 2. HP: 27/27 MP: 2/2
   761 | D:1      | Found a faded altar of an unknown god.
  1311 | D:2      | Reached XP level 3. HP: 32/33 MP: 3/3
  1717 | D:2      | Reached skill level 1 in Throwing
  2221 | D:3      | Found a hazy altar of Hepliaklqana.
  2513 | D:3      | Reached XP level 4. HP: 36/40 MP: 4/4
  3502 | D:4      | Reached skill level 1 in Shields
  3525 | D:4      | Noticed a centaur
  3529 | D:4      | Noticed a necrophage
  3654 | D:4      | Noticed a necrophage
  3667 | D:3      | Killed a necrophage
  3668 | D:3      | Reached XP level 5. HP: 33/47 MP: 4/6
  3786 | D:4      | Killed a centaur
  3787 | D:4      | Reached XP level 6. HP: 55/55 MP: 7/7
  3796 | D:4      | Reached skill level 5 in Fighting
  3963 | D:4      | Reached ** piety under Lugonu
  3964 | D:4      | Reached XP level 7. HP: 59/61 MP: 8/8
  4278 | D:4      | Found a glowing silver altar of Zin.
  4363 | D:5      | Entered Level 5 of the Dungeon
  4363 | D:5      | Noticed Sigmund
  4422 | D:4      | Reached skill level 5 in Maces & Flails
  4940 | D:5      | Reached XP level 8. HP: 61/70 MP: 10/10
  5073 | D:5      | Noticed Menkaure
  5104 | D:5      | Killed Menkaure
  5348 | D:5      | Found a runed translucent door.
  5357 | D:5      | Noticed Theoretic's ghost (weakling HODe)
  5389 | D:5      | Found a runed translucent door.
  5500 | D:5      | Killed Sigmund
  6303 | D:6      | Noticed Prince Ribbit
  6328 | D:6      | Killed Prince Ribbit
  6329 | D:6      | Reached skill level 5 in Shields
  6329 | D:6      | Reached skill level 5 in Invocations
  6500 | D:6      | Found a staircase to the Ecumenical Temple.
  6586 | Temple   | Entered the Ecumenical Temple
  6697 | D:6      | Reached skill level 5 in Throwing
  6717 | D:6      | Reached XP level 9. HP: 55/79 MP: 12/12
  6868 | D:6      | Found a runed translucent gate.
  6871 | D:6      | Identified the +5 ring mail of Becut {rF- Regen+ Int+6
                  | Slay+2}
  7069 | D:6      | Found a glowing golden altar of the Shining One.
  7183 | D:6      | Found a runed translucent gate.
  7184 | D:6      | Found a runed translucent gate.
  7184 | D:6      | Noticed 2bobheroes's ghost (novice OpBr)
  8320 | D:7      | Noticed a moth of wrath
  8324 | D:7      | Found Bouth's Gadget Gallery.
  8484 | D:7      | Found a transporter.
  8496 | D:7      | Found a transporter.
  8500 | D:7      | Noticed Fractals's ghost (novice HOMo)
  8549 | D:7      | Found an opulent altar of Gozag.
  9236 | D:8      | Found a radiant altar of Vehumet.
  9319 | D:8      | Found a sacrificial altar of Ru.
  9502 | D:8      | Found a staircase to the Lair.
  9899 | D:8      | Found a white marble altar of Elyvilon.
 10078 | D:9      | Reached *** piety under Lugonu
 10428 | D:9      | Found the +9 staff of Olgreb {rPois∞}
 10432 | D:9      | Found a runed translucent door.
 10493 | D:9      | Noticed a wolf spider
 10493 | D:9      | Noticed a wolf spider
 10493 | D:9      | Noticed a wolf spider
 10494 | D:9      | Found a runed translucent gate.
 10494 | D:9      | Noticed a wolf spider
 10494 | D:9      | Noticed a wolf spider
 10494 | D:9      | Noticed a wolf spider
 10544 | D:9      | Found a runed translucent gate.
 10552 | D:9      | Found a runed translucent gate.
 10554 | D:9      | Noticed a black mamba
 10554 | D:9      | Noticed a black mamba
 10554 | D:9      | Noticed a black mamba
 10554 | D:9      | Noticed a black mamba
 10554 | D:9      | Noticed a wolf spider
 10576 | D:9      | Found a runed translucent door.
 10834 | D:8      | Reached XP level 10. HP: 65/90 MP: 14/14
 11542 | D:10     | Entered Level 10 of the Dungeon
 11765 | D:10     | Reached skill level 1 in Evocations
 12010 | D:10     | Identified the +3 chain mail of Beogh's Reproof {rN+ Str+3
                  | Dex-4 SInv}
 12077 | D:10     | Noticed a two-headed ogre
 12142 | D:9      | Killed a two-headed ogre
 12529 | D:10     | Found a snail-covered altar of Cheibriados.
 12796 | D:11     | Found Usuala's Armour Boutique.
 12799 | D:11     | Bought a +0 pair of gloves for 63 gold pieces
 12827 | D:11     | Found a portal to a secret trove of treasure.
 13265 | D:11     | Reached **** piety under Lugonu
 13270 | D:11     | Noticed a boulder beetle
 13566 | D:11     | Reached XP level 11. HP: 89/95 MP: 16/16
 13605 | D:11     | Banished a boulder beetle
 13606 | D:11     | Reached skill level 5 in Dodging
 14165 | D:12     | Slain by a vampire

Illustrated notes

Levels and vault maps discovered:
D:1:      kilobyte_arrival_exit_the_forest, layout_rooms,
          shapermc_ecumenical_altar_mp_vishouse
D:2:      layout_basic, chequers_serial_rivers_micro_c
D:3:      layout_basic, marbit_many_paths
D:4:      layout_gridville, lemuel_tele_altar, kennysheep_generic_room_11
D:5:      layout_loops_ring, ebering_ghost_sewer_f, grunt_decor_fettered,
          solitary_fountain, uniq_menkaure, uniq_sigmund
D:6:      layout_basic, kennysheep_mini_moat, minmay_temple_entry_butterflies,
          gammafunk_ghost_nasty_kobolds, water_maze_lemuel, uniq_prince_ribbit1
D:7:      layout_basic, nicolae_overflow_crystal_walls,
          gammafunk_ghost_berserking_beasts, nicolae_shop_gadgets
D:8:      layout_rooms, vehumet_crystals, lemuel_coloured_pillars_altar,
          nicolae_ru_sacrificial_ziggurat, lair_entry_dummy, corner_web_ring
D:9:      layout_small_grid, enter_bailey_4, minmay_misc_feat_tiny,
          minmay_guarded_unrand_staff_of_olgreb
D:10:     layout_basic, slow_altar_2, st_stairs_3, roderic_three_in_a_row
D:11:     layout_rooms, nicolae_trove_entry_diagonal, serial_shops, shop_statue,
          kennysheep_small_spiral
D:12:     layout_basic, zombieorc1_lemuel, serial_shops,
          nicolae_shop_behind_doors, nicolae_splish_splash
Temple:   minmay_temple_curvy_branch

Skill      XL: |  1  2  3  4  5  6  7  8  9 10 11 |
---------------+----------------------------------+-----
Invocations    | 2 3 4 5 6 8 |  8.7
Fighting       | 4 5 6 7 8 |  8.9
Throwing       | 1 2 3 5 6 |  6.6
Maces & Flails | 3 4 5 6 8 |  8.4
Armour         | 3 |  3.1
Shields        | 1 2 3 4 5 7 |  7.6
Dodging        | 4 5 |  5.4
Evocations     | 3 4 |  4.2

Action                   |  1- 3 |  4- 6 |  7- 9 | 10-12 || total
-------------------------+-------+-------+-------+-------++-------
Melee: Mace              |    83 |    79 |       |       ||   162
       Headbutt          |    11 |    16 |    45 |    42 ||   114
       Punch             |     2 |       |       |       ||     2
       Morningstar       |       |    19 |   275 |   190 ||   484
Throw: Dart              |       |       |    47 |       ||    47
       Stone             |       |       |     3 |       ||     3
Invok: Depart the Abyss  |     1 |       |       |       ||     1
       Banish            |       |       |       |     1 ||     1
Evoke: Wand              |       |       |     4 |     5 ||     9
       Condenser vane    |       |       |       |     1 ||     1
  Use: Potion            |       |       |     3 |       ||     3
       Scroll            |       |       |       |     7 ||     7
Armor: Leather armour    |    13 |       |       |       ||    13
       Plate armour      |    35 |    77 |   275 |    38 ||   425
       Chain mail        |       |       |       |    46 ||    46
Dodge: Dodged            |    38 |     7 |    58 |    36 ||   139
Block: Tower shield      |     9 |    60 |   332 |   163 ||   564
